 Dungeon Crawl Stone Soup version 0.31-a0-631-g285b096dc4 (webtiles) character file.

Game seed: 7088566705775022468

1752 Dirtsage the Mimic (level 9, -3/48 HPs)
             Began as an Octopode Shapeshifter on Aug 25, 2023.
             Was a Follower of Wu Jian.
             Engulfed by a steam dragon's steam (7 damage)
             ... on level 6 of the Dungeon.
             The game lasted 00:17:41 (6782 turns).

Dirtsage the Mimic (Octopode Shapeshifter)          Turns: 6782, Time: 00:17:41

Health: -3/48      AC:  1    Str: 16    XL:     9   Next: 6%
Magic:  9/9        EV: 13    Int: 12    God:    Wu Jian [*.....]
Gold:   4          SH:  0    Dex: 13    Spells: 8/8 levels left

rFire   . .          .
                       - Unarmed
rCold   x . .        (no shield)
rNeg    + . .        (helmet restricted)
rPois   +            (no amulet)
rElec   +            P - ring of poison resistance
rCorr   .            W - ring of wizardry
SInv    .            y - ring of willpower
Will    ++...        k - ring "Zoastra" {rElec rPois rC- rN+ Will+ Stlth+}
Stlth   +++          (no ring)
HPRegen 0.28/turn    (no ring)
MPRegen 0.11/turn    (no ring)
                     (no ring)

%: wizardry (x1)
@: maw-form
A: devouring maw, reduced hp, almost no armour, amphibious, 8 rings, camouflage
1, gelatinous body 1, (nimble swimmer 1), tentacles
a: Begin Untransformation, Renounce Religion


You were on level 6 of the Dungeon.
You worshipped Wu Jian.
Wu Jian was aware of your devotion.
You were a creature with a mouth for a stomach.
You visited 2 branches of the dungeon, and saw 7 of its levels.

You collected 364 gold pieces.
You spent 360 gold pieces at shops.

Inventory:

Missiles
 q - a throwing net
Armour
 n - a +1 hat
Jewellery
 k - the ring "Zoastra" (on tentacle) {rElec rPois rC- rN+ Will+ Stlth+}
   (You acquired it on level 5 of the Dungeon)

   [ring of positive energy]

   rC-:       It makes you vulnerable to cold.
   rElec:     It insulates you from electricity.
   rPois:     It protects you from poison rN+: It protects you from negative
   energy.
   Will+:     It increases your willpower.
   Stlth+:    It makes you more stealthy.
 y - a ring of willpower (on tentacle)
 A - a ring of fire
 P - a ring of poison resistance (left tentacle)
 W - a ring of wizardry (right tentacle)
Talismans
 b - a beast talisman
 c - a flux talisman
 w - a maw talisman (active)
Wands
 i - a wand of paralysis (4)
 v - a wand of polymorph (10)
Scrolls
 e - a scroll of noise
 f - 2 scrolls of enchant weapon
 g - a scroll of fear
 j - a scroll of immolation
 m - 2 scrolls of poison {unknown}
 r - a scroll of brand weapon
 s - 2 scrolls of revelation
 B - a scroll of teleportation {unknown}
 D - a scroll of enchant armour {unknown}
 E - a scroll of vulnerability {unknown}
Potions
 a - 2 potions of lignification
 d - 2 potions of enlightenment {unknown}
 h - a potion of berserk rage {unknown}
 l - a potion of heal wounds
 o - 2 potions of mutation {unknown}
 p - a potion of resistance {unknown}
 t - 2 potions of brilliance {unknown}
 u - a potion of ambrosia {unknown}
 x - a potion of magic {unknown}
 z - a potion of cancellation {unknown}
 C - a potion of curing {unknown}
 F - a potion of attraction {unknown}


   Skills:
 - Level 1.0 Fighting
 - Level 2.0 Dodging
 + Level 7.2 Unarmed Combat
 * Level 9.0 Shapeshifting


You had 8 spell levels left.
You didn't know any spells.
Your spell library contained the following spells:

 Spells                   Type           Power      Damage    Failure   Level
 Slow                     Hex            0%         N/A       13%         1
 Sting                    Tmut/Pois      0%         1d3       13%         1
 Blink                    Tloc           0%         N/A       21%         2
 Poisonous Vapours        Pois/Air       0%         N/A       21%         2
 Confusing Touch          Hex            0%         N/A       36%         3
 Vampiric Draining        Necr           0%         2d6       36%         3
 Manifold Assault         Tloc           0%         N/A       75%         4
 Olgreb's Toxic Radiance  Pois           0%         N/A       75%         4


Dungeon Overview and Level Annotations

Branches:
Dungeon (6/15)             Temple (1/1) D:4

Altars:
Elyvilon
Fedhas
Gozag
Makhleb
Nemelex Xobeh
Okawaru
Qazlal
Sif Muna
Trog
Uskayaw
Vehumet
Wu Jian
Xom
Yredelemnul
Zin

Shops:
D:1 =


Innate Abilities, Weirdness & Mutations

You are a creature with a mouth for a stomach.
Your midsection houses a second, enormous mouth.
Your maximum health is decreased, since you lack skill for your form.
You cannot wear most types of armour.
You are amphibious.
You can wear up to eight rings at the same time.
Your skin changes colour to match your surroundings (Stealth+).
Your rubbery body absorbs attacks. (AC +1, EV +1)
((You are camouflaged when in or above water. (Stealth+)))
You have tentacles for arms and can constrict up to eight enemies at once.


Message History

There is a stone staircase leading up here.
There is a stone staircase leading down here.
You climb downwards.
There is a stone staircase leading up here.
There is a stone staircase leading down here.
You climb downwards.
There is a stone staircase leading up, spattered with blood here.
There is a stone staircase leading down here.
You climb downwards.
There is a stone staircase leading up here.
You see here a +0 ring mail.
There is a stone staircase leading down here.
You climb downwards.
There is a stone staircase leading up here.
F - an amethyst potion A steam dragon comes into view.
The steam dragon hisses angrily.
The steam dragon breathes steam at you. The ball of steam hits you!
You take 17 damage, and have 31/48 hp.
MASSIVE DAMAGE!!
You are too injured to fight recklessly!
You are too injured to fight recklessly!
You are engulfed in a cloud of scalding steam.
You take 5 damage, and have 26/48 hp.
You lunge at the steam dragon, in a flurry of attacks.
You closely miss the steam dragon. You bite the steam dragon!
The steam dragon is moderately wounded.
You closely miss the steam dragon. Your squeeze misses the steam dragon.
You bite the steam dragon.
The steam dragon is heavily wounded.
You are engulfed in a cloud of scalding steam.
The steam dragon breathes steam at you. The ball of steam hits you!!
* * * LOW HITPOINT WARNING * * *
You take 22 damage, and have 4/48 hp.
MASSIVE DAMAGE!!
You tentacle-slap the steam dragon but do no damage.
You squeeze the steam dragon. You bite the steam dragon.
The steam dragon is severely wounded.
You are engulfed in a cloud of scalding steam.
You die...

### ..## #
###.#########
#.#......§§WD.#
#.#.#.#######$#
#...## # ##.##
##.## ##
##...##
#############.
##.....##
..............
#.......######
####.......
#............#
#†#####.


You could see a steam dragon (catching breath).

Vanquished Creatures
  The ghost of Dirtsage the Changeling, a novice OpSh (D:5)
  An acid dragon (D:6)
  A water moccasin (D:6)
  An ice beast (D:5)
  A black bear (D:6)
  A sky beast (D:6)
  2 phantoms
  2 scorpions
  3 hounds
  An orc priest (D:5)
  4 jellies
  Jessica (D:2)
  7 iguanas
  2 orc wizards
  7 gnolls
  8 adders
  A white imp (D:5)
  An ufetubus (D:4)
  5 dart slugs
  A worm (D:3)
  12 orcs
  A ball python (D:4)
  7 endoplasms
  5 giant cockroaches
  10 hobgoblins
  6 kobolds
  5 quokkas
  6 bats
  3 frilled lizards
  10 goblins
  8 rats
124 creatures vanquished.

Vanquished Creatures (others)
  A wizard (D:3)
1 creature vanquished.

Grand Total: 125 creatures vanquished

Notes
Turn   | Place    | Note
-------+----------+-------------------------------------------
     0 | D:1      | Dirtsage the Octopode Shapeshifter began the quest for the
                  | Orb.
     0 | D:1      | Reached XP level 1. HP: 13/13 MP: 1/1
   145 | D:1      | Reached XP level 2. HP: 13/18 MP: 2/2
   616 | D:1      | Found Wigi's Jewellery Shoppe.
   618 | D:1      | You fall into a shaft and drop 1 floor!
   676 | D:2      | Reached XP level 3. HP: 23/23 MP: 3/3
  1407 | D:2      | Noticed Jessica
  1414 | D:2      | Killed Jessica
  1415 | D:2      | Reached skill level 4 in Shapeshifting
  1415 | D:2      | Reached XP level 4. HP: 28/28 MP: 4/4
  2030 | D:3      | Found a glowing silver altar of Zin.
  2445 | D:3      | Found a bloodstained altar of Trog.
  2448 | D:3      | Noticed a wizard
  2454 | D:3      | Killed a wizard
  2549 | D:4      | Found a staircase to the Ecumenical Temple.
  2653 | D:4      | Reached XP level 5. HP: 31/33 MP: 5/5
  2782 | D:4      | Noticed a phantom
  2805 | Temple   | Entered the Ecumenical Temple
  2821 | Temple   | Became a worshipper of the Wu Jian Council
  3131 | D:4      | Reached skill level 5 in Shapeshifting
  3327 | D:4      | Reached XP level 6. HP: 38/38 MP: 6/6
  3431 | D:5      | Entered Level 5 of the Dungeon
  3493 | D:5      | Found a runed translucent door.
  3662 | D:5      | Identified a scroll of acquirement
  3663 | D:5      | Acquired the ring "Zoastra" {rElec rPois rC- rN+ Will+
                  | Stlth+}
  3750 | D:5      | Noticed Dirtsage's ghost (novice OpSh)
  3754 | D:5      | Reached skill level 5 in Unarmed Combat
  3866 | D:5      | Reached skill level 6 in Shapeshifting
  3866 | D:5      | Reached XP level 7. HP: 41/43 MP: 7/7
  3883 | D:5      | Reached * piety under Wu Jian
  4944 | D:5      | Killed Dirtsage's ghost
  4945 | D:5      | Reached skill level 7 in Shapeshifting
  4945 | D:5      | Reached XP level 8. HP: 33/48 MP: 8/8
  5577 | D:6      | Reached skill level 8 in Shapeshifting
  6096 | D:6      | Reached XP level 9. HP: 10/53 MP: 9/9
  6322 | D:6      | Reached skill level 9 in Shapeshifting
  6623 | D:1      | Bought a ring of wizardry for 360 gold pieces
  6782 | D:6      | Engulfed by a steam dragon's steam

Illustrated notes

Levels and vault maps discovered:
D:1:      roderic_chinese_lattice_arrival, layout_basic, serial_shops,
          nicolae_shop_gaudy_bauble, minmay_curled_crystal
D:2:      layout_basic, uniq_jessica
D:3:      layout_basic, mainiacjoe_overflow_alcove_4, trog_wizard,
          nicolae_concentric_dashed_squares_mild
D:4:      layout_basic, minmay_temple_entry_waves
D:5:      layout_basic, nicolae_overflow_hidden_temple,
          hellmonk_ghost_happy_afterlife
D:6:      layout_loops_ring
Temple:   nicolae_temple_god_jail

Skill      XL: |  1  2  3  4  5  6  7  8  9 |
---------------+----------------------------+-----
Shapeshifting  | 4 5 6 7 8 9 |  9.0
Unarmed Combat | 4 5 6 7 |  7.2
Fighting       | |  1.0
Dodging        | |  2.0

Action                     |  1- 3 |  4- 6 |  7- 9 || total
---------------------------+-------+-------+-------++-------
  Melee: Unarmed           |    74 |   111 |   128 ||   313
         Constrict         |    21 |    20 |    30 ||    71
         Tentacles         |    11 |    19 |    35 ||    65
         Punch             |     3 |     3 |     4 ||    10
         Maw               |       |       |     7 ||     7
Ability: Lunge             |       |    10 |    11 ||    21
         Whirlwind         |       |       |    15 ||    15
    Use: Scroll            |       |     7 |     1 ||     8
         Potion            |       |       |     2 ||     2
   Stab: Sleeping          |    11 |     8 |     3 ||    22
 Armour: Skin              |     4 |     7 |     1 ||    12
  Dodge: Dodged            |    32 |    51 |    51 ||   134
   Form: Maw               |       |       |     1 ||     1
         Flux              |       |       |     1 ||     1

Table legend: (Time is in decaauts)
 A = Elapsed time spent in this place.
 B = Non-inter-level travel time spent in this place.
 C = Inter-level travel time spent in this place.
 D = Time resting spent in this place.
 E = Time spent auto-exploring this place.
 F = Levels seen in this place.
 G = Mean time per level.
                   A        B        C        D        E       F      G
               +--------+--------+--------+--------+--------+-----+--------+
         Total |   6764 |   6239 |    525 |    964 |   4451 |   7 |  966.3 |
       Dungeon |   6734 |   6233 |    501 |    964 |   4451 |   6 | 1122.3 |
        Temple |     29 |      5 |     24 |      0 |      0 |   1 |   29.0 |
               +--------+--------+--------+--------+--------+-----+--------+

Top non-repeatable levels by time:
     D:5: 1960 daAuts
     D:6: 1219 daAuts
     D:1: 959 daAuts
     D:2: 947 daAuts
     D:3: 934 daAuts
     D:4: 713 daAuts
  Temple: 29 daAuts
